 Dungeon Crawl Stone Soup version 0.19.0 (webtiles) character file.

18903 Leibowitz the Spear-Bearer (level 12, 0/92 HPs)
             Began as a Demigod Gladiator on Nov 1, 2016.
             Slain by a queen bee (15 damage)
             ... on level 1 of the Lair of Beasts.
             The game lasted 00:53:07 (18949 turns).

Leibowitz the Spear-Bearer (Demigod Gladiator)     Turns: 18949, Time: 00:53:08

Health: 0/92       AC: 15    Str: 25    XL:     12   Next: 5%
Magic:  15/15      EV: 18    Int: 17    God:
Gold:   311        SH:  0    Dex: 25    Spells: 0 memorised, 11 levels left

rFire  . . .     SeeInvis .     a - +2 spear (venom)
rCold  . . .     Gourm    .     P - +2 ring mail of the Nexus {+Blink rPois Str+3 Int+5}
rNeg   . . .     Faith    .     (no shield)
rPois  +         Spirit   .     B - +0 helmet
rElec  .         Reflect  .     v - +2 cloak
rCorr  .         Harm     .     (no gloves)
MR     +....                    D - +0 pair of boots
Stlth  +++++.....               (no amulet)
                                w - ring of stealth
                                q - +3 ring of dexterity

@: about to teleport
A: frail 1, high mp 1, shaggy fur 1, strong 1
a: Evoke Blink


You were on level 1 of the Lair of Beasts.
You were very hungry.

You visited 2 branches of the dungeon, and saw 14 of its levels.

You collected 573 gold pieces.
You spent 262 gold pieces at shops.

Inventory:

Hand Weapons
 a - a +2 spear of venom (weapon)
 b - a +0 blowgun
 t - a +0 trident of flaming
Missiles
 m - 61 poisoned needles
 x - a javelin (quivered)
 z - a curare-tipped needle
Armour
 v - a +2 cloak (worn)
 B - a +0 helmet (worn)
 D - a +0 pair of boots (worn)
 P - the +2 ring mail of the Nexus (worn) {+Blink rPois Str+3 Int+5}
   (You found it on level 11 of the Dungeon)

   It affects your strength (+3).
   It affects your intelligence (+5).
   It protects you from poison.
   It lets you blink.
Jewellery
 e - an uncursed ring of fire
 h - a +3 ring of intelligence
 q - a +3 ring of dexterity (left hand)
 w - a ring of stealth (right hand)
Wands
 c - a wand of digging (9/24)
 i - a wand of disintegration (24/24)
 y - a wand of iceblast (4/15)
 J - a wand of random effects (17/48)
Scrolls
 g - a scroll of remove curse
 j - 2 scrolls of fear
 l - a scroll of fog
 p - 14 scrolls of identify
 u - 6 scrolls of amnesia
 C - 4 scrolls of teleportation
 E - 2 scrolls of magic mapping
 I - 2 scrolls of enchant armour
 L - 2 scrolls of recharging
 O - a scroll of blinking
Potions
 d - a potion of haste
 o - 2 potions of cancellation
 s - 3 potions of agility
 A - a potion of degeneration {unknown}
 F - 2 potions of curing
 G - 3 potions of flight
Books
 K - a book of Clouds

   Spells                             Type                      Level
   a - Mephitic Cloud                 Conjuration/Poison/Air       3
   b - Conjure Flame                  Conjuration/Fire             3
   c - Poisonous Cloud                Conjuration/Poison/Air       6
   d - Freezing Cloud                 Conjuration/Ice/Air          6
   e - Ring of Flames                 Charms/Fire                  7
Comestibles
 f - 6 bread rations
 k - 7 meat rations
 n - 14 royal jellies
 r - 3 slices of pizza
 H - 3 beef jerkies
 M - 21 fruits


   Skills:
 + Level 8.5 Fighting
 + Level 12.2 Polearms
 + Level 2.6 Throwing
 + Level 6.7 Armour
 + Level 6.9 Dodging
 + Level 7.7 Stealth


You had 11 spell levels left.
You didn't know any spells.

Dungeon Overview and Level Annotations

Branches:
Dungeon (13/15)            Temple (0/1) D:7            Lair (1/6) D:9
    Orc (0/2) D:9
 Vaults: D:13-14

Shops:
D:8 =   D:11 %   D:12 *


Innate Abilities, Weirdness & Mutations

You have an increased reservoir of magic. (+10% MP)
You are frail. (-10% HP)
You are covered in fur. (AC +1)
Your muscles are strong. (Str +2)


Message History

* * * LOW HITPOINT WARNING * * *
You are poisoned.
The killer bee poisons you! The killer bee closely misses you.
You hear an angry buzzing noise.
The killer bee stings you!
* * * LOW HITPOINT WARNING * * *
You hear an angry buzzing noise.
The queen bee calls on the killer bee to defend it!
The killer bee goes berserk!
You feel better.
You kill the killer bee!
The killer bee misses you.
As you read the scroll of teleportation, it crumbles to dust.
You feel strangely unstable.
You hear an angry buzzing noise.
Unknown command.
You hit the queen bee.
The queen bee is poisoned.
The queen bee is lightly wounded.
The queen bee stings you!
You die...

######.............
#%%..#.............
#%%%%#.............
#y...#.............
#y.y.#............P
y.yy#............♣
#y##.............
##yy..............
#@#...............
###...............
#...............#
#......#........##
#..#....#......P##
..###.#...#..####
..# #####..### ##.
# ## #


You could see a queen bee and 5 killer bees.

Vanquished Creatures
  2 hydras
  2 hill giants
  A deep elf mage (D:12)
  An ugly thing (D:12)
  A cyclops (D:12)
  A manticore (D:11)
  Joseph (D:8)
  A spiny frog (Lair:1)
  A kobold demonologist (D:11)
  3 komodo dragons
  A hornet (D:12)
  6 trolls
  Prince Ribbit (D:8)
  A hippogriff (D:6)
  A wraith (D:10)
  9 yaks
  Grum (D:8)
  A basilisk (shapeshifter) (D:11)
  A hungry ghost (D:12)
  A vampire mosquito (D:12)
  2 water moccasins
  A porcupine (Lair:1)
  5 ice beasts
  11 orc warriors
  6 sky beasts
  2 black bears
  4 phantoms
  3 necrophages
  4 ogres
  4 wolves (D:8)
  7 centaurs
  4 big kobolds
  10 bullfrogs
  4 gnoll sergeants (D:9)
  A wyvern skeleton (D:11)
  6 scorpions
  4 wights (D:9)
  31 killer bees
  4 howler monkeys
  5 crimson imps
  6 hounds
  3 bullfrog zombies
  9 orc priests
  3 jellies (D:8)
  Natasha (thrice) (D:3)
  A bullfrog skeleton (D:12)
  14 orc wizards
  3 iguanas
  6 worker ants
  A killer bee zombie (D:10)
  A hound skeleton (D:9)
  Robin (D:2)
  11 gnolls
  A worker ant zombie (D:3)
  16 adders
  3 shadow imps
  6 oozes
  4 worms
  A dart slug (D:1)
  7 leopard geckos
  47 orcs
  10 bats
  7 giant cockroaches
  15 goblins
  10 hobgoblins
  12 jackals
  7 quokkas
  4 ball pythons
  6 frilled lizards
  12 kobolds
  3 rats
388 creatures vanquished.

Vanquished Creatures (others)
  A human (D:10)
  8 plants (D:9)
9 creatures vanquished.

Grand Total: 397 creatures vanquished

Notes
Turn   | Place    | Note
-------+----------+-------------------------------------------
     0 | D:1      | Leibowitz the Demigod Gladiator began the quest for the Orb.
     0 | D:1      | Reached XP level 1. HP: 17/17 MP: 3/3
   187 | D:1      | Reached skill level 3 in Polearms
   360 | D:1      | Reached XP level 2. HP: 24/24 MP: 4/4
  1153 | D:2      | Reached XP level 3. HP: 22/29 MP: 5/5
  1281 | D:2      | Noticed Robin
  1502 | D:1      | Gained mutation: You are frail. (-10% HP) [potion of mutation]
  1502 | D:1      | Gained mutation: You are covered in fur. (AC +1) [potion of mutation]
  1502 | D:1      | Gained mutation: Your muscles are strong. (Str +2) [potion of mutation]
  1803 | D:2      | Killed Robin
  1803 | D:2      | Reached skill level 1 in Armour
  1837 | D:2      | Reached XP level 4. HP: 29/33 MP: 6/6
  2213 | D:2      | Found a deep blue altar of Sif Muna.
  2801 | D:3      | Reached skill level 1 in Stealth
  2839 | D:3      | Reached skill level 4 in Polearms
  2839 | D:3      | Reached XP level 5. HP: 22/37 MP: 7/7
  4258 | D:3      | Noticed Natasha
  4266 | D:3      | Killed Natasha
  4266 | D:3      | Reached XP level 6. HP: 45/45 MP: 8/8
  4284 | D:3      | Found an iron altar of Okawaru.
  4304 | D:3      | Noticed Natasha
  4320 | D:3      | Killed Natasha
  4581 | D:3      | Noticed Natasha
  4586 | D:3      | Killed Natasha
  4718 | D:4      | Reached skill level 5 in Polearms
  5389 | D:4      | Found a burning altar of Makhleb.
  5389 | D:4      | Noticed a blizzard demon
  5461 | D:4      | Reached XP level 7. HP: 46/50 MP: 9/9
  5890 | D:5      | Entered Level 5 of the Dungeon
  6188 | D:5      | Reached skill level 6 in Polearms
  6857 | D:6      | Reached XP level 8. HP: 56/56 MP: 10/10
  7175 | D:6      | Reached skill level 7 in Polearms
  8014 | D:6      | Noticed a hippogriff
  8030 | D:6      | Killed a hippogriff
  8212 | D:6      | Found an opulent altar of Gozag.
  8532 | D:7      | Reached skill level 8 in Polearms
  8830 | D:7      | Reached XP level 9. HP: 59/63 MP: 11/11
  9013 | D:7      | Reached skill level 5 in Stealth
  9472 | D:7      | Found a glowing golden altar of the Shining One.
  9518 | D:7      | Found a staircase to the Ecumenical Temple.
  9707 | D:7      | Reached skill level 5 in Dodging
  9781 | D:7      | Found a hide-covered altar of Uskayaw.
  9836 | D:7      | Reached skill level 5 in Fighting
  9901 | D:7      | Found an opulent altar of Gozag.
  9992 | D:8      | Noticed Joseph
 10014 | D:8      | Killed Joseph
 10014 | D:8      | Reached skill level 9 in Polearms
 10225 | D:8      | Found a basalt altar of Yredelemnul.
 10315 | D:8      | Noticed Grum
 10338 | D:8      | Killed Grum
 10632 | D:8      | Found Wushaugi's Jewellery Shoppe.
 10637 | D:8      | Noticed Prince Ribbit
 10683 | D:8      | Killed Prince Ribbit
 10714 | D:8      | Reached XP level 10. HP: 60/72 MP: 13/13
 10863 | D:8      | Found a viscous altar of Jiyva.
 11237 | D:8      | Found a shattered altar of Ashenzari.
 11781 | D:9      | Reached skill level 10 in Polearms
 11977 | D:9      | Found a staircase to the Lair.
 12164 | D:9      | Found a staircase to the Orcish Mines.
 12365 | D:9      | Reached skill level 5 in Armour
 13292 | Lair:1   | Entered Level 1 of the Lair of Beasts
 13292 | Lair:1   | Noticed a seven-headed hydra
 13311 | D:10     | Entered Level 10 of the Dungeon
 13719 | D:10     | Reached skill level 11 in Polearms
 13831 | D:10     | Noticed a hill giant
 13861 | D:10     | Killed a hill giant
 14267 | D:10     | Reached XP level 11. HP: 70/81 MP: 14/14
 14286 | D:10     | Found an ancient bone altar of Kikubaaqudgha.
 15428 | D:11     | Found Vyutuest's Food Shop.
 15487 | D:11     | Got a bloodstained ring mail
 15498 | D:11     | Identified the +2 ring mail of the Nexus {+Blink rPois Str+3 Int+5} (You found it on level 11 of the Dungeon)
 15605 | D:12     | Noticed a hill giant
 15850 | D:12     | Noticed a deep elf mage
 15877 | D:12     | Killed a deep elf mage
 16270 | D:12     | Killed a hill giant
 16671 | D:12     | Reached skill level 12 in Polearms
 17180 | D:12     | Found Juehipse's Assorted Antiques.
 17187 | D:12     | Bought a potion of heal wounds for 105 gold pieces
 17187 | D:12     | Bought a scroll of blinking for 157 gold pieces
 17490 | D:13     | Noticed a centaur warrior
 17758 | D:12     | Noticed a five-headed hydra
 17769 | D:12     | Killed a five-headed hydra
 18222 | Lair:1   | Killed a seven-headed hydra
 18775 | Lair:1   | Reached XP level 12. HP: 84/92 MP: 15/15
 18949 | Lair:1   | Slain by a queen bee

Skill      XL: |  1  2  3  4  5  6  7  8  9 10 11 |
---------------+----------------------------------+-----
Polearms       | 3 4 5 6 8 9 11 12 | 12.2
Dodging        | 3 4 5 6 |  6.9
Fighting       | 2 3 4 5 6 8 |  8.5
Armour         | 1 2 3 4 5 6 |  6.7
Stealth        | 1 2 3 4 5 6 7 |  7.7
Throwing       | 2 |  2.6

Action                   |  1- 3 |  4- 6 |  7- 9 | 10-12 || total
-------------------------+-------+-------+-------+-------++-------
Melee: Trident           |   168 |    99 |       |    25 ||   292
       Spear             |       |   131 |   561 |  1065 ||  1757
 Fire: Blowgun           |       |     6 |       |       ||     6
Throw: Throwing net      |     2 |     1 |     1 |       ||     4
       Javelin           |       |     3 |       |     3 ||     6
  Use: Potion            |     3 |     5 |     2 |     8 ||    18
       Scroll            |       |     8 |     3 |     4 ||    15
 Stab: Sleeping          |     3 |     7 |    10 |    23 ||    43
       Distracted        |     1 |       |     3 |     3 ||     7
       Held in net/web   |       |     1 |     1 |       ||     2
  Eat: Chunk             |     3 |    12 |    17 |    22 ||    54
       Fruit             |       |       |       |     6 ||     6
Armor: Leather armour    |    85 |    41 |    90 |     3 ||   219
       Ring mail         |       |       |       |   156 ||   156
       Chain mail        |       |       |       |    38 ||    38
Dodge: Dodged            |   166 |   138 |   243 |   440 ||   987
